 Dungeon Crawl Stone Soup version 0.30.0-29-ga12c61a403 (webtiles) character file.

Game seed: 10885622243479758349

58 Graphine the Trooper (level 4, -6/40 HPs)
             Began as a Hill Orc Fighter on June 20, 2023.
             Killed by nerve-wracking pain
             ... invoked by Jessica
              (9 damage)
             ... on level 2 of the Dungeon.
             The game lasted 00:02:04 (1133 turns).

Graphine the Trooper (Hill Orc Fighter)             Turns: 1133, Time: 00:02:04

Health: -6/40      AC: 12    Str: 20    XL:     4   Next: 1%
Magic:  5/5        EV:  5    Int:  8    God:
Gold:   81         SH:  4    Dex: 10    Spells: 3/3 levels left

rFire   . . .        a - +0 war axe
rCold   . . .        c - +0 buckler
rNeg    . . .        g - +0 plate armour
rPois   .            (no helmet)
rElec   .            (no cloak)
rCorr   .            e - +0 pair of gloves
SInv    .            (no boots)
Will    .....        (no amulet) Stlth
                     (no ring)
HPRegen 0.26/turn    (no ring)
MPRegen 0.09/turn

%: no passive effects
@: invisible
A: no striking features
a: no special abilities


You were on level 2 of the Dungeon.
You visited 1 branch of the dungeon, and saw 2 of its levels.

You collected 81 gold pieces.

Inventory:

Hand Weapons
 a - a +0 war axe (weapon)
Armour
 c - a +0 buckler (worn)
 e - a +0 pair of gloves (worn)
 g - a +0 plate armour (worn)
Scrolls
 f - 2 scrolls of identify
 h - a scroll of magic mapping {unknown}
Potions
 d - a potion of might
 i - a potion of resistance {unknown}


   Skills:
 + Level 4.1 Fighting
 + Level 3.4 Axes
 + Level 3.7 Armour
 + Level 3.7 Shields
 + Level 1.8 Invocations


You had 3 spell levels left.
You didn't know any spells.
Your spell library was empty.

Dungeon Overview and Level Annotations

Branches:
Dungeon (2/15)

Altars:

Annotations:
D:2 Jessica


Message History

Aim: Jessica, wielding a +0 club and wearing a +0 robe (fast, about 44% to evade your +0 war axe)
You barely miss Jessica. The bat hits you but does no damage.
Jessica hits you with a +0 club. x2
* * * LOW HITPOINT WARNING * * *
You fade into invisibility!
Jessica hits you with a +0 club.
* * * LOW HITPOINT WARNING * * *
Jessica hits you with a +0 club.
* * * LOW HITPOINT WARNING * * *
The bat attacks as you move away! You block the bat's attack.
The bat hits you but does no damage.
You hit Jessica.
Jessica is heavily wounded.
You closely miss the bat. You block the bat's attack.
Jessica hits you but does no damage. The bat hits you but does no damage.
Jessica hits you with a +0 club.
* * * LOW HITPOINT WARNING * * *
You barely miss Jessica.
Jessica is heavily wounded.
You completely miss the bat. The bat hits you but does no damage.
You block Jessica's attack.
Jessica points at you and mumbles some strange words.
Pain shoots through your body!
* * * LOW HITPOINT WARNING * * *
The bat hits you but does no damage. The bat hits you but does no damage.
You barely miss the bat.
The bat is severely wounded.
The bat closely misses you. The bat hits you but does no damage.
You block the bat's attack.
You barely miss the bat.
The bat is severely wounded.
The bat barely misses you.
Jessica mumbles something strange.
You barely miss Jessica.
Jessica is heavily wounded.
You closely miss the bat. The bat hits you but does no damage.
Jessica gestures at you while chanting. Pain shoots through your body!
You die...

.####### ##.# ........
##.#[ ......#######.###
#.........## #
#..........###
###############..####....#.
#...(.....b#.....# #.###)#
#...†......####.## #.# #.#
##'##..##.@# #.# #.# #..
##..######@# #.# #.# ##.
#######8..# #...# #.# #.#
#. .'.......## #...# #.#
#.# #. .#....†..# #..## #.#
#. #. #######8..# +.. #.#
## ##..# #.. .... #+## #..
#### ##### #.!


You could see Jessica (fast, unable to see you) and a bat.

Vanquished Creatures
  Natasha (D:2)
  A worm (D:2)
  6 bats
  2 endoplasms (D:2)
  2 giant cockroaches (D:1)
  A goblin (D:1)
  3 hobgoblins (D:1)
  3 jackals
  2 quokkas (D:2)
  2 ball pythons
  A frilled lizard (D:2)
  5 kobolds
  A rat (D:1)
30 creatures vanquished.

Notes
Turn   | Place    | Note
-------+----------+-------------------------------------------
     0 | D:1      | Graphine the Hill Orc Fighter began the quest for the Orb.
     0 | D:1      | Reached XP level 1. HP: 19/19 MP: 1/1
   242 | D:1      | Reached XP level 2. HP: 27/27 MP: 2/2
   349 | D:1      | Reached skill level 1 in Invocations
   877 | D:2      | Reached XP level 3. HP: 33/33 MP: 3/3
  1010 | D:2      | Noticed Natasha
  1012 | D:2      | Killed Natasha
  1013 | D:2      | Reached skill level 4 in Fighting
  1111 | D:2      | Noticed Jessica
  1116 | D:2      | Reached XP level 4. HP: 40/40 MP: 5/5
  1128 | D:2      | HP: 1/40 [Jessica/nerve-wracking pain (3)]
  1133 | D:2      | Killed from afar by Jessica

Illustrated notes

Levels and vault maps discovered:
D:1:      tarquinn_simple_flora_water_c, layout_basic, kennysheep_another_room
D:2:      minmay_chambers_of_twos, layout_loops_ring, uniq_terence,
          uniq_jessica, uniq_natasha

Skill      XL: |  1  2  3 |
---------------+----------+-----
Axes           | 3 |  3.4
Invocations    | 1 |  1.8
Fighting       | 4 |  4.1
Armour         | |  3.7
Shields        | |  3.7

Action                     |  1- 3 |  4- 6 || total
---------------------------+-------+-------++-------
  Melee: War axe           |    79 |    14 ||    93
    Use: Scroll            |     2 |       ||     2
         Potion            |       |     1 ||     1
 Armour: Scale mail        |    23 |       ||    23
         Plate armour      |    52 |    27 ||    79
  Dodge: Dodged            |    33 |     5 ||    38
  Block: Buckler           |    17 |     5 ||    22
